 Dungeon Crawl Stone Soup version 0.18-a0-1343-g48c8f86 (webtiles) character file.

137 Ratboiler the Skirmisher (level 5, 0/36 HPs)
             Began as a Deep Elf Wanderer on Feb 16, 2016.
             Was a Follower of Makhleb.
             Slain by a worm (3 damage)
             ... on level 3 of the Dungeon.
             The game lasted 00:04:54 (2544 turns).

Ratboiler the Skirmisher (Deep Elf Wanderer)        Turns: 2544, Time: 00:04:55

Health: 0/36       AC:  8    Str:  7    XL:     5   Next: 0%
Magic:  7/7        EV: 10    Int: 19    God:    Makhleb [*.....]
Gold:   83         SH:  0    Dex: 15    Spells: 0 memorised, 4 levels left

rFire  + . .     SeeInvis +     a - +0 war axe
rCold  . . .     Gourm    .     v - +0 ring mail
rNeg   . . .     Faith    .     (no shield)
rPois  .         Spirit   .     (no helmet)
rElec  .         Dismiss  .     (no cloak)
rCorr  .         Reflect  .     (no gloves)
SustAt .         Harm     .     i - +2 pair of boots
MR     .....                    (no amulet)
Stlth  +.........               q - ring of see invisible
                                g - ring of protection from fire

@: not resistant to hostile enchantments, very unstealthy
A: no striking features
a: Renounce Religion


You were on level 3 of the Dungeon.
You worshipped Makhleb.
Makhleb was aware of your devotion.
You were hungry.

You visited 1 branch of the dungeon, and saw 3 of its levels.

You collected 83 gold pieces.

Inventory:

Hand Weapons
 a - a +0 war axe (weapon)
 e - a +0 dagger
 y - a +2 spear
Missiles
 l - 16 arrows
 u - 24 stones (quivered)
Armour
 i - a +2 pair of boots (worn)
 n - a +0 leather armour
 v - a +0 ring mail (worn)
Jewellery
 g - a ring of protection from fire (left hand)
 q - a ring of see invisible (right hand)
 r - an uncursed ring of protection from magic {unknown}
Wands
 x - a wand of random effects (17/48)
Scrolls
 d - a scroll of remove curse {unknown}
 h - 2 scrolls of teleportation {unknown}
 j - 2 scrolls of magic mapping {unknown}
 o - a scroll of noise {unknown}
 s - a scroll of amnesia {unknown}
Potions
 b - 2 potions of lignification
 c - 2 potions of curing
 k - a potion of invisibility {unknown}
 m - a potion of flight {unknown}
 p - a potion of resistance {unknown}
 t - 2 potions of heal wounds {unknown}
Comestibles
 f - 6 bread rations
 w - 2 meat rations
 z - a chunk of flesh


   Skills:
 + Level 5.6 Fighting
 * Level 1.0 Axes
 - Level 1.0 Throwing
 - Level 2.4 Dodging
 - Level 2.4 Stealth


You had 4 spell levels left.
You didn't know any spells.

Dungeon Overview and Level Annotations

Branches:
Dungeon (3/15)

Altars:
Makhleb
Nemelex Xobeh


Message History

You hit the worm.
The worm is lightly wounded.
The worm bites you!
You hit the worm but do no damage.
The worm is lightly wounded.
The worm bites you but does no damage.
You slash the worm!
The worm is heavily wounded.
You barely miss the worm.
The worm is heavily wounded.
The worm bites you!
* * * LOW HITPOINT WARNING * * *
You hit the worm but do no damage.
The worm is heavily wounded.
The worm bites you but does no damage.
You are feeling hungry.
You completely miss the worm.
The worm is heavily wounded.
The worm bites you.
You die...

.# #. .# #.# .# #.# ######.#
#.# #..>...# #.# #......#
#.# #......####.##########
######...w@................
#...........####.##########
#.########..# #.# #.#
#..####.# ###### ##### #.#
#..##...# ......
....###.####
#..#...####.######
###........#####......)....#
#................##...######
..#.######.#########.##


You could see a worm.

Vanquished Creatures
  A giant frog zombie (D:3)
  Ijyb (D:3)
  2 adders (D:2)
  2 worms (D:2)
  3 orcs (D:3)
  4 giant cockroaches
  6 goblins
  8 hobgoblins
  2 jackals (D:2)
  6 kobolds
  10 bats
  A giant newt (D:2)
  6 rats
52 creatures vanquished.

Notes
Turn   | Place    | Note
--------------------------------------------------------------
     0 | D:1      | Ratboiler the Deep Elf Wanderer began the quest for the Orb.
     0 | D:1      | Ratboiler set off with: a +2 spear, a potion of lignification, a potion of curing, a +0 robe, a +0 dagger, a bread ration
     0 | D:1      | Reached XP level 1. HP: 15/15 MP: 3/3
   367 | D:1      | Reached XP level 2. HP: 20/20 MP: 4/4
   897 | D:2      | Found a burning altar of Makhleb.
   899 | D:2      | Noticed an Executioner
   903 | D:2      | Noticed a hellwing
   903 | D:2      | Noticed an orange demon
   908 | D:2      | Became a worshipper of Makhleb the Destroyer
   969 | D:2      | Reached XP level 3. HP: 17/25 MP: 5/5
  1285 | D:2      | Found a sparkling altar of Nemelex Xobeh.
  1323 | D:2      | Reached skill level 5 in Fighting
  2092 | D:3      | Reached * piety under Makhleb
  2092 | D:3      | Reached XP level 4. HP: 25/31 MP: 6/6
  2315 | D:3      | Noticed Ijyb
  2332 | D:3      | Killed Ijyb
  2431 | D:3      | Reached skill level 1 in Axes
  2431 | D:3      | Reached XP level 5. HP: 25/36 MP: 7/7
  2544 | D:3      | Slain by a worm

Vault maps used:
D:1:      minmay_arrival_radiant_lines, minmay_misc_feat_ornament,
          hangedman_decor_growths
D:2:      makhleb_altar_promises_db, nemelex_altar_shiori, first_bread
D:3:      grunt_temple_overflow_growth_and_decay, uniq_iyjb

Action                   |  1- 3 |  4- 6 || total
-------------------------+-------+-------++-------
Melee: Spear             |   169 |    34 ||   203
       War axe           |       |    23 ||    23
 Stab: Sleeping          |     5 |     1 ||     6
  Eat: Chunk             |     3 |     2 ||     5
